 Dungeon Crawl Stone Soup version 0.24-a0-698-g60d090ba07 (webtiles) character file.

1330 Humpert the Shield-Bearer (level 8, -14/65 HPs)
             Began as a Formicid Fighter on Dec 2, 2017.
             Demolished by Menkaure (18 damage)
             ... on level 5 of the Dungeon on July 9, 2022.
             The game lasted 00:13:23 (6130 turns).

Humpert the Shield-Bearer (Formicid Fighter)        Turns: 6130, Time: 00:13:25

Health: -14/65     AC: 10    Str: 22    XL:     8   Next: 91%
Magic:  8/8        EV:  9    Int:  9    God:
Gold:   230        SH: 10    Dex: 10    Spells: 7/7 levels left

rFire    . . .     SeeInvis +   a - +0 long sword
rCold    . . .     Gourm    .   c - +0 shield
rNeg     . . .     Faith    .   b - +0 scale mail
rPois    .         Spirit   .   (helmet unavailable)
rElec    .         Reflect  .   (no cloak)
rCorr    .         Harm     .   (no gloves)
MR       .....                  i - +1 pair of boots
Stlth    ..........             (no amulet)
HPRegen  0.20/turn              (no ring)
MPRegen  0.11/turn              (no ring)

@: no status effects
A: permanent stasis, dig shafts and tunnels, four strong arms, antennae 3
a: Dig, Shaft Self


You were on level 5 of the Dungeon.
You were not hungry.

You visited 1 branch of the dungeon, and saw 5 of its levels.

You collected 230 gold pieces.

Inventory:

Hand Weapons
 a - a +0 long sword (weapon)
Armour
 b - a +0 scale mail (worn)
 c - a +0 shield (worn)
 i - a +1 pair of boots (worn)
Jewellery
 n - an uncursed ring of protection from fire {unknown}
 q - a cursed ring of attention {unknown}
 v - an uncursed ring of magical power {unknown}
Wands
 r - a wand of flame (35)
 A - a wand of random effects (28)
Scrolls
 e - 7 scrolls of identify {unknown}
 k - 3 scrolls of enchant armour {unknown}
 m - a scroll of magic mapping {unknown}
 o - 4 scrolls of teleportation {unknown}
 s - 2 scrolls of remove curse {unknown}
 t - a scroll of noise {unknown}
 u - 2 scrolls of enchant weapon {unknown}
 w - a scroll of immolation {unknown}
 y - a scroll of fear {unknown}
 z - a scroll of blinking {unknown}
 D - a scroll of fog {unknown}
Potions
 d - a potion of resistance {unknown}
 j - a potion of flight {unknown}
 l - 3 potions of lignification {unknown}
 p - a potion of brilliance {unknown}
 x - 2 potions of cancellation {unknown}
 B - a potion of agility {unknown}
Comestibles
 f - 6 rations
 g - a ration
 h - 3 rations
 C - a chunk of flesh


   Skills:
 + Level 6.4 Fighting
 + Level 5.3 Long Blades
 + Level 6.5 Armour
 + Level 7.1 Shields


You had 7 spell levels left.
You didn't know any spells.
Your spell library was empty.

Dungeon Overview and Level Annotations

Branches:
Dungeon (5/15)
 Temple: D:4-7

Altars:
Qazlal

Annotations:
D:5 Menkaure


Innate Abilities, Weirdness & Mutations

You cannot be hasted, slowed, berserked, paralysed or teleported.
You can dig through walls and to a lower floor.
Your four strong arms can wield two-handed weapons with a shield.
You have a pair of large antennae on your head. (SInv)


Message History

Menkaure is lightly damaged.
Menkaure closely misses you.
You hit Menkaure.
Menkaure is moderately damaged.
Menkaure murmurs, "Let me perform the rites..."
You block Menkaure's attack. x2
You completely miss Menkaure.
Menkaure is moderately damaged.
You block Menkaure's attack.
You closely miss Menkaure.
Menkaure is moderately damaged.
Menkaure points at you and mumbles some strange words.
You struggle to resist.
You hit Menkaure.
Menkaure is moderately damaged.
Menkaure calls on the powers of darkness!
Your body is wracked with pain!
* * * LOW HITPOINT WARNING * * *
Menkaure hits you!!
You die...

#.# #.# #. #.# #. #.#
#.# #.# #.# #.# #.# #.#
#.# ###.# #.#
#.#####...... ###.#####
#(...@M......
>.......####..########.#
....###.......# ..<.#
#..####.#
....###..####.######
..#................#
..#...รท..##.#.####.#
..###.#.###.#.# ..#
#.#.# #.#.#


You could see Menkaure.

Vanquished Creatures
  Eustachio (D:5)
  The ghost of Protee the Cudgeler, an amateur NaWr (D:4)
  A black bear (D:5)
  Blork the orc (D:5)
  4 scorpions
  An orc priest (D:5)
  A bullfrog skeleton (D:5)
  Natasha (thrice) (D:3 D:5)
  An iguana (D:5)
  Terence (D:3)
  8 orc wizards
  5 worker ants
  A hound skeleton (D:4)
  7 adders
  A shadow imp (D:5)
  4 worms
  3 leopard geckos
  15 orcs
  5 bats
  5 giant cockroaches
  5 goblins
  11 hobgoblins
  3 jackals
  4 quokkas
  4 frilled lizards
  A jackal skeleton (D:5)
  7 kobolds
  6 rats
110 creatures vanquished.

Vanquished Creatures (others)
  An orc wizard (D:4)
  A ball python (D:4)
2 creatures vanquished.

Grand Total: 112 creatures vanquished

Notes
Turn   | Place    | Note
-------+----------+-------------------------------------------
     0 | D:1      | Humpert the Formicid Fighter began the quest for the Orb.
     0 | D:1      | Reached XP level 1. HP: 18/18 MP: 1/1
    58 | D:1      | Reached XP level 2. HP: 13/24 MP: 2/2
   417 | D:1      | Reached XP level 3. HP: 29/29 MP: 3/3
   594 | D:1      | Reached skill level 4 in Shields
   999 | D:2      | Reached XP level 4. HP: 37/37 MP: 4/4
  1360 | D:3      | Reached XP level 5. HP: 24/42 MP: 5/5
  1495 | D:3      | Found a stormy altar of Qazlal.
  1609 | D:3      | Noticed Terence
  1618 | D:3      | Killed Terence
  1944 | D:3      | Noticed Natasha
  1953 | D:3      | Killed Natasha
  1960 | D:3      | Reached XP level 6. HP: 32/49 MP: 6/6
  2258 | D:3      | Noticed Natasha
  2272 | D:3      | Killed Natasha
  2272 | D:3      | Reached skill level 5 in Shields
  2653 | D:3      | Found a stormy altar of Qazlal.
  2965 | D:3      | Found a stormy altar of Qazlal.
  3457 | D:3      | Found a stormy altar of Qazlal.
  4282 | D:4      | Reached XP level 7. HP: 22/55 MP: 7/7
  4501 | D:4      | Noticed Protee's ghost (amateur NaWr)
  4517 | D:4      | Killed Protee's ghost
  4517 | D:4      | Reached skill level 5 in Fighting
  4517 | D:4      | Reached skill level 5 in Armour
  4927 | D:4      | Reached skill level 6 in Shields
  5390 | D:5      | Entered Level 5 of the Dungeon
  5392 | D:5      | Noticed Natasha
  5401 | D:5      | Killed Natasha
  5428 | D:5      | Reached XP level 8. HP: 56/63 MP: 8/8
  5445 | D:5      | Noticed Eustachio
  5471 | D:5      | Killed Eustachio
  5703 | D:5      | Reached skill level 5 in Long Blades
  5990 | D:5      | Noticed Blork the orc
  6004 | D:5      | Killed Blork the orc
  6062 | D:5      | Reached skill level 7 in Shields
  6114 | D:5      | Noticed Menkaure
  6130 | D:5      | Demolished by Menkaure

Levels and vault maps discovered:
D:1:      dpeg_arrival_orchard
D:3:      first_bread, grunt_qazlal_sundering, uniq_natasha, uniq_terence
D:4:      corexii_shack_village
D:5:      lemuel_zombie_altar_yredelemnul, uniq_eustachio, uniq_blork_the_orc,
          uniq_menkaure, uniq_duvessa

Skill      XL: |  1  2  3  4  5  6  7  8 |
---------------+-------------------------+-----
Shields        | 4 5 6 7 |  7.1
Armour         | 4 5 6 |  6.5
Fighting       | 4 5 6 |  6.4
Long Blades    | 3 4 5 |  5.3

Action                   |  1- 3 |  4- 6 |  7- 9 || total
-------------------------+-------+-------+-------++-------
Melee: Long sword        |   106 |   199 |   209 ||   514
  Use: Potion            |       |     2 |     1 ||     3
  Eat: Chunk             |       |     6 |     7 ||    13
       Buggy fruit       |       |     5 |       ||     5
Armor: Scale mail        |    59 |    74 |    88 ||   221
Dodge: Dodged            |    46 |    71 |    78 ||   195
Block: Shield            |    51 |   112 |   137 ||   300
       Rpst.: Long sword |    11 |    19 |    24 ||    54

Table legend:
 A = Non-vault XP
 B = Vault XP
 C = Vault XP percentage of total XP
 D = Non-vault monster count
 E = Vault monster count
 F = Vault count percentage of total count
                 A         B        C        D         E       F
            +---------+---------+-------+---------+---------+-------
      Total |    1809 |      91 |   4.8 |     109 |       1 |   0.9
            +---------+---------+-------+---------+---------+-------
        D:1 |      33 |       0 |   0.0 |      20 |       0 |   0.0
        D:2 |      78 |       0 |   0.0 |      17 |       0 |   0.0
        D:3 |     209 |       0 |   0.0 |      18 |       0 |   0.0
        D:4 |     637 |       0 |   0.0 |      33 |       0 |   0.0
        D:5 |     852 |      91 |   9.7 |      21 |       1 |   4.5
            +---------+---------+-------+---------+---------+-------
